 Dungeon Crawl Stone Soup version 0.28-b1-70-g80dc712255 (webtiles) character file.

Game seed: 8609735315725931452

237981 pkoi the Minotaur Blade (level 18, -12/178 HPs)
             Began as a Minotaur Gladiator on Feb 3, 2022.
             Was the Champion of the Shining One.
             Killed from afar by a deep elf sorcerer (44 damage)
             ... with damnation
             ... on level 3 of the Elven Halls.
             The game lasted 00:52:11 (37499 turns).

pkoi the Minotaur Blade (Minotaur Gladiator)       Turns: 37499, Time: 00:52:11

Health: -12/178    AC: 23    Str: 26    XL:     18   Next: 54%
Magic:  26/26      EV: 15    Int:  5    God:    the Shining One [******]
Gold:   2640       SH:  0    Dex: 15    Spells: 16/17 levels left

rFire   + + .      SeeInvis .   e - +10 great sword of the Spheres {freeze, Fragile Will+ Dex+2}
rCold   + + .      Faith    .   (shield currently unavailable)
rNeg    + + +      Spirit   .   J - +1 chain mail {rF+}
rPois   .          Reflect  .   c - +0 hat
rElec   .          Harm     .   r - scarf {rC+ rF+}
rCorr   .          Rampage  .   b - +2 pair of gloves {hurl}
Will    +++..                   w - +1 pair of boots
Stlth   ..........              E - amulet "Billiapt" {rC+ Will+ Regen+ Slay+3}
HPRegen 1.19/turn               H - ring of flight
MPRegen 0.20/turn               i - +4 ring of slaying

@: lethally poisoned (-12 -> -12), flying, glowing, studying Evocations
A: horns 2, retaliatory headbutt
}: 2/15 runes: decaying, gossamer
a: Renounce Religion, Divine Shield, Cleansing Flame, Summon Divine Warrior,
Brand Weapon With Holy Wrath


You were on level 3 of the Elven Halls.
You worshipped the Shining One.
The Shining One was exalted by your worship.
You visited 7 branches of the dungeon, and saw 32 of its levels.
You also visited: Bailey, Gauntlet, Ice Cave and Volcano.

You collected 3916 gold pieces.
You spent 1276 gold pieces at shops.

Inventory:

Hand Weapons
 e - the +10 great sword of the Spheres (weapon) {freeze, Fragile Will+ Dex+2}
   (You acquired it on level 5 of the Lair of Beasts)

   It freezes those it strikes, dealing additional cold damage.
   It can also slow down cold-blooded creatures.
   Dex:       It affects your dexterity (+2).
   Fragile:   It will be destroyed if unequipped.
   Will:      It increases your willpower.
Missiles
 d - 5 throwing nets
 h - 25 poisoned darts
 j - 5 curare-tipped darts
 p - 14 javelins
Armour
 b - a +2 pair of gloves of hurling (worn)
 c - a +0 hat (worn)
 r - a scarf of resistance (worn)
 w - a +1 pair of boots (worn)
 J - a +1 chain mail of fire resistance (worn)
Jewellery
 i - a +4 ring of slaying (right hand)
 C - a ring of protection from fire
 E - the amulet "Billiapt" (around neck) {rC+ Will+ Regen+ Slay+3}
   (You found it in a Gauntlet)

   [amulet of regeneration]

   Slay:      It affects your accuracy & damage with ranged weapons and melee
   (+3).
   rC:        It protects you from cold.
   Regen:     It increases your rate of health regeneration.
   Will:      It increases your willpower.
 H - a ring of flight (left hand)
 M - the ring of Sin {rF- rC+++ Will+ rCorr MP+9}
   (You found it on level 2 of the Lair of Beasts)

   [ring of willpower]

   rF:        It makes you vulnerable to fire.
   rC:        It renders you almost immune to cold.
   MP:        It affects your magic capacity (+9).
   rCorr:     It protects you from acid and corrosion.
   Will:      It increases your willpower.
Wands
 l - a wand of polymorph (26)
 o - a wand of iceblast (23)
 t - a wand of flame (32) (quivered)
 D - a wand of digging (13)
 I - a wand of paralysis (3)
 P - a wand of charming (9)
 Q - a wand of acid (4)
 V - a wand of mindburst (26)
Scrolls
 a - 2 scrolls of enchant armour
 f - 3 scrolls of holy word
 k - a scroll of silence
 n - 5 scrolls of enchant weapon
 q - 8 scrolls of magic mapping
 s - 7 scrolls of fog
 v - 6 scrolls of fear
 y - 13 scrolls of teleportation
 G - 4 scrolls of brand weapon
 S - 6 scrolls of blinking
 U - 2 scrolls of summoning
 W - 3 scrolls of amnesia
Potions
 g - 9 potions of might
 m - 4 potions of cancellation
 u - 3 potions of haste
 x - 19 potions of heal wounds
 B - a potion of resistance
 F - 14 potions of curing
 L - 3 potions of brilliance
 N - 6 potions of ambrosia
 R - 4 potions of berserk rage
 Z - a potion of magic
Miscellaneous
 z - a phantom mirror
 A - a phial of floods


   Skills:
 + Level 19.8 Fighting
 - Level 2.4(13.5) Short Blades
 + Level 21.9 Long Blades
 - Level 2.0 Throwing
 + Level 19.9 Armour
 + Level 12.5 Dodging
 + Level 13.0 Invocations
 + Level 14.3 Evocations


You had 16 spell levels left.
You knew the following spells:

 Your Spells              Type           Power      Damage    Failure   Level
a - Apportation           Tloc           0%         N/A       85%         1

Your spell library contained the following spells:

 Spells                   Type           Power      Damage    Failure   Level
 Animate Skeleton         Necr           0%         N/A       85%         1
 Foxfire                  Conj/Fire      0%         2x1d4     85%         1
 Magic Dart               Conj           0%         1d3       85%         1
 Pain                     Necr           0%         1d4       85%         1
 Summon Small Mammal      Summ           0%         N/A       85%         1
 Call Imp                 Summ           0%         N/A       94%         2
 Corpse Rot               Necr/Air       0%         N/A       94%         2
 Ensorcelled Hibernation  Hex/Ice        0%         N/A       94%         2
 Poisonous Vapours        Pois/Air       0%         N/A       94%         2
 Sublimation of Blood     Necr           0%         N/A       94%         2
 Wereblood                Tmut           0%         N/A       94%         2
 Conjure Flame            Conj/Fire      0%         6-21      99%         3
 Frozen Ramparts          Ice            0%         1d2       99%         3
 Gell's Gravitas          Tloc           0%         N/A       99%         3
 Ignite Poison            Fire/Tmut/Pois 0%         N/A       99%         3
 Inner Flame              Hex/Fire       0%         N/A       99%         3
 Lesser Beckoning         Tloc           0%         N/A       99%         3
 Mephitic Cloud           Conj/Pois/Air  0%         N/A       99%         3
 Ozocubu's Armour         Ice            0%         N/A       99%         3
 Portal Projectile        Hex/Tloc       0%         N/A       99%         3
 Spider Form              Tmut/Pois      0%         N/A       99%         3
 Stone Arrow              Conj/Erth      0%         3d7       99%         3
 Teleport Other           Tloc           0%         N/A       99%         3
 Tukima's Dance           Hex            0%         N/A       99%         3
 Airstrike                Air            0%         N/A       100%        4
 Anguish                  Hex/Necr       0%         N/A       100%        4
 Animate Armour           Summ/Erth      0%         N/A       100%        4
 Animate Dead             Necr           0%         N/A       100%        4
 Dispel Undead            Necr           0%         3d6       100%        4
 Flame Wave               Conj/Fire      0%         2d4       100%        4
 Ice Form                 Ice/Tmut       0%         N/A       100%        4
 Passage of Golubria      Tloc           0%         N/A       100%        4
 Sticky Flame             Conj/Fire      0%         2d3       100%        4
 Summon Ice Beast         Ice/Summ       0%         N/A       100%        4
 Summon Lightning Spire   Summ/Air       0%         N/A       100%        4
 Agony                    Necr           0%         N/A       100%        5
 Alistair's Intoxication  Tmut/Pois      0%         N/A       100%        5
 Blade Hands              Tmut           0%         N/A       100%        5
 Excruciating Wounds      Necr           0%         N/A       100%        5
 Lightning Bolt           Conj/Air       0%         1d11      100%        5
 Metabolic Englaciation   Hex/Ice        0%         N/A       100%        5
 Silence                  Hex/Air        0%         N/A       100%        5
 Summon Mana Viper        Hex/Summ       0%         N/A       100%        5
 Yara's Violent Unravell  Hex/Tmut       0%         3d3       100%        5
 Simulacrum               Ice/Necr       0%         N/A       100%        6
 Monstrous Menagerie      Summ           0%         N/A       100%        7
 Summon Hydra             Summ           0%         N/A       100%        7
 Borgnjor's Revivificati  Necr           0%         N/A       100%        8
 Lehudib's Crystal Spear  Conj/Erth      0%         10d2      100%        8
 Polar Vortex             Ice            0%         N/A       100%        9


Dungeon Overview and Level Annotations

Branches:
Dungeon (12/15)            Temple (1/1) D:7            Lair (6/6) D:9
  Swamp (4/4) Lair:3       Spider (4/4) Lair:3        Slime (0/5) Lair:5
    Orc (2/2) D:10            Elf (3/3) Orc:2        Bailey (visited)
  IceCv (visited)         Volcano (visited)         Gauntlet (visited)

Altars:
Ashenzari
Cheibriados
Dithmenos
Elyvilon
Fedhas
Gozag
Hepliaklqana
Kikubaaqudgha
Makhleb
Nemelex Xobeh
Okawaru
Qazlal
Ru
Sif Muna
Trog
Uskayaw
Vehumet
Wu Jian
Xom
Yredelemnul
Zin
The Shining One
Beogh

Shops:
D:4 =   D:5 *   Orc:2 :([*   Elf:1 (=(   Elf:2 !

Annotations:
D:12 2 transporters, crazypyro's ghost, journeyman DsFi
Elf:3 3 runed translucent doors, 1 exclusion, Cuucabuana's ghost, veteran MiGl; pkoi's ghost, adept MiGl


Innate Abilities, Weirdness & Mutations

You have a pair of horns on your head.
You reflexively headbutt those who attack you in melee.


Message History

The +6 trident of venom hits you!
You are more poisoned.
You slice the +6 trident of venom!! You freeze the +6 trident of venom.
The +6 trident of venom falls from the air.
You feel very sick.
The deep elf zephyrmancer casts a spell at you.
The bolt of lightning hits you!!
You feel very sick.
The deep elf zephyrmancer casts a spell.
The deep elf zephyrmancer blinks!
The deep elf zephyrmancer casts a spell at you.
The bolt of lightning hits you!!
You are too injured to fight recklessly!
You are too injured to fight recklessly!
You are too injured to fight recklessly!
You feel very sick.
You feel very sick.
The deep elf zephyrmancer mumbles some strange words.
The deep elf zephyrmancer blinks!
The deep elf sorcerer casts a spell.
The deep elf sorcerer seems to speed up.
You feel sick.
The deep elf zephyrmancer casts a spell at you.
The bolt of lightning hits you!!!
* * * LOW HITPOINT WARNING * * *
Items here: ( )) [ †.
You feel sick.
The deep elf zephyrmancer points at you and mumbles some strange words.
The bolt of lightning misses you.
There is an open door here.
You feel sick.
There is an open door here.
You feel sick.
You feel sick.
You feel sick.
There is a stone staircase leading up here.
You feel sick.
The deep elf sorcerer gestures at you while chanting.
The sphere of damnation explodes!
The damnation engulfs you!!!
You die...

#..)e.....#
#.........#
#+.....!.##
#..(..)E#
########e###+###
..# ##'.....##
.^.. #.......#
...
########.......#
..
+......'.@.....#
########.......#
#.......# #
##'.)...## .
#######.###'###
. #.....+## #.#
. ##.....## #.#
. #.......# #.#
.
#.).P...####'###


You could see a deep elf sorcerer (fast) and a water elemental.

Vanquished Creatures
  the Lernaean hydra (Swamp:4)
  Arachne (Spider:2)
  Asterion (Spider:2)
  A tentacled monstrosity (Swamp:2)
  Donald (Spider:4)
  2 deep elf sorcerers
  Aizul (Swamp:1)
  The ghost of Coomeot the Frost Mage, a journeyman MfIE of Gozag (Orc:2)
  2 emperor scorpions
  3 ghouls (Swamp:1)
  An orc warlord (Orc:2)
  6 ghost moths
  3 broodmothers
  4 eleionomae
  2 deep elf annihilators (Elf:3)
  5 bunyips
  3 entropy weavers
  4 spark wasps
  A minotaur (Gauntlet)
  A deep elf death mage (Elf:1)
  2 shambling mangroves
  Fannar (D:12)
  20 hydras
  2 ghost crabs (Swamp:2)
  4 jorogumos
  An ogre mage (D:12)
  2 boulder beetles
  A catoblepas (Lair:3)
  29 dancing weapons
  9 alligators
  13 two-headed ogres
  Urug (Lair:1)
  Sonja (Orc:1)
  10 deep elf knights
  5 pharaoh ants
  2 sun moths (Spider:3)
  4 goliath frogs
  2 steelbarb worms
  2 spriggan druids
  An orange crystal statue (Elf:2)
  7 orb spiders
  2 glowing orange brains (Gauntlet)
  17 bog bodies
  A lindwurm (Lair:6)
  10 swamp dragons
  4 deep elf archers
  A wizard (D:11)
  An orc knight (Orc:1)
  13 deep elf zephyrmancers
  22 wolf spiders
  18 deep elf pyromancers
  A mana viper (shapeshifter) (Elf:1)
  2 necromancers (Elf:1)
  3 orc sorcerers
  2 oklob plants (Lair:5)
  3 will-o-the-wisps
  2 large abominations (Elf:1)
  2 ugly things
  A cyclops (Orc:2)
  3 centaur zombies
  4 elephants (Lair:4)
  5 moths of wrath
  5 black mambas
  Maurice (D:10)
  5 torpor snails
  3 gargoyles
  An ice statue (IceCv)
  22 cane toads
  3 molten gargoyles
  8 demonic crawlers
  3 kobold demonologists (D:12)
  11 komodo dragons
  An unseen horror (D:11)
  7 rime drakes
  3 ice devils
  2 anaconda simulacra (IceCv)
  3 trolls
  15 meliai
  2 polar bears
  An entropy weaver simulacrum (IceCv)
  15 tyrant leeches
  2 bloated husks (Swamp:3)
  26 tarantellas
  8 hornets
  22 blink frogs
  A blink frog (shapeshifter) (D:9)
  6 dream sheep (Lair:6)
  3 water elementals (Elf:2)
  20 culicivoras
  14 jumping spiders
  An air elemental (Elf:1)
  5 spriggans
  A dire elephant simulacrum (IceCv)
  3 wraiths
  A ynoxinul (Gauntlet)
  7 wyverns
  3 fire elementals
  42 yaks
  4 basilisks
  36 redbacks
  19 vampire mosquitoes
  A death yak simulacrum (IceCv)
  3 harpy simulacra (IceCv)
  2 acid dragons
  4 wargs
  9 swamp worms
  18 water moccasins
  A hornet zombie (D:8)
  34 orc warriors
  11 swamp drakes
  A black bear (D:5)
  An ice beast (D:7)
  5 ogres
  3 centaurs
  9 wolves
  6 elf zombies (Elf:1)
  A kobold brigand (D:12)
  Blork the orc (D:5)
  A scorpion (D:4)
  4 gnoll sergeants
  18 bullfrogs
  5 earth elementals
  2 cane toad simulacra (IceCv)
  5 two-headed ogre simulacra (IceCv)
  A water moccasin zombie (D:5)
  A water moccasin skeleton (D:5)
  A wyvern skeleton (D:6)
  3 elephant simulacra (IceCv)
  6 killer bees (D:5)
  10 wights
  2 vampire bats (Lair:3)
  A howler monkey (D:12)
  4 electric eels
  5 lava snakes (Lair:3)
  4 hounds
  2 jellies
  4 gnoll shamans (D:6)
  15 orc priests
  4 iron imps (Gauntlet)
  A centaur skeleton (D:6)
  An iguana (D:5)
  29 orc wizards
  2 lightning spires (Swamp:1)
  A polar bear simulacrum (IceCv)
  6 spriggan simulacra (IceCv)
  4 troll simulacra (IceCv)
  2 wolf simulacra (IceCv)
  A killer bee zombie (D:7)
  38 gnolls
  17 adders
  6 naga simulacra (IceCv)
  9 white imps
  6 ufetubi
  An adder skeleton (D:4)
  5 dart slugs
  82 orcs
  10 ball pythons
  2 endoplasms
  6 giant cockroaches
  3 goblins
  6 hobgoblins
  14 jackals
  3 quokkas (D:1)
  5 bats (Lair:3)
  3 frilled lizards
  7 kobolds
  2 rats
1095 creatures vanquished.

Vanquished Creatures (collateral kills)
  Jorgrun (Elf:1)
  An orc sorcerer (Orc:2)
  3 orc warriors (Orc:2)
  An orc wizard (Orc:2)
  4 orcs (Orc:2)
10 creatures vanquished.

Vanquished Creatures (others)
  A ghost moth (Spider:2)
  A swamp dragon (Swamp:3)
  2 bloated husks (Swamp:3)
  A jackal (D:6)
  2 ball lightnings (Swamp:1)
  14 demonic plants (Gauntlet)
  4 foxfires
  40 fungi
  164 plants
229 creatures vanquished.

Grand Total: 1334 creatures vanquished

Notes
Turn   | Place    | Note
-------+----------+-------------------------------------------
     0 | D:1      | pkoi the Minotaur Gladiator began the quest for the Orb.
     0 | D:1      | Reached XP level 1. HP: 18/18 MP: 0/0
   122 | D:1      | Reached skill level 4 in Long Blades
   122 | D:1      | Reached XP level 2. HP: 18/25 MP: 1/1
   289 | D:1      | Reached skill level 1 in Armour
   536 | D:1      | Found a faded altar of an unknown god.
  1082 | D:2      | Reached XP level 3. HP: 31/31 MP: 2/2
  2178 | D:3      | Reached skill level 5 in Long Blades
  2178 | D:3      | Reached XP level 4. HP: 38/38 MP: 3/3
  2261 | D:3      | Identified the +7 dagger "Maqicou" {spect, rF+ rN+ Will+}
  2826 | D:4      | Found a white marble altar of Elyvilon.
  2923 | D:4      | You fall into a shaft and drop 3 floors!
  2923 | D:7      | Noticed an orc warrior
  2923 | D:7      | Noticed an ice beast
  2929 | D:7      | Killed an orc warrior
  2930 | D:7      | Reached skill level 6 in Long Blades
  2930 | D:7      | Reached XP level 5. HP: 27/46 MP: 4/4
  2933 | D:7      | Killed an ice beast
  2934 | D:7      | Reached XP level 6. HP: 12/52 MP: 5/5
  3231 | D:7      | Noticed a water moccasin
  3234 | D:7      | Killed a water moccasin
  3235 | D:7      | Reached skill level 7 in Long Blades
  3260 | D:7      | Found a shimmering blue altar of Sif Muna.
  3384 | D:7      | Reached skill level 5 in Fighting
  3384 | D:7      | Reached XP level 7. HP: 60/61 MP: 6/6
  3384 | D:7      | Found a staircase to the Ecumenical Temple.
  3396 | Temple   | Entered the Ecumenical Temple
  3416 | Temple   | Became a worshipper of the Shining One
  3615 | D:7      | Found a flagged portal.
  3630 | D:7      | Reached skill level 1 in Invocations
  3637 | D:7      | Reached skill level 8 in Long Blades
  3641 | Bailey   | Entered a bailey
  3818 | Bailey   | Reached skill level 5 in Armour
  3823 | Bailey   | Reached XP level 8. HP: 39/70 MP: 6/8
  4517 | Bailey   | Reached skill level 9 in Long Blades
  4936 | Bailey   | Noticed an orc knight
  4936 | Bailey   | Noticed an orc knight
  5048 | D:7      | Reached skill level 10 in Fighting
  5048 | D:7      | Reached skill level 12 in Long Blades
  5048 | D:7      | Reached skill level 10 in Armour
  5048 | D:7      | Reached XP level 9. HP: 86/86 MP: 9/12
  5106 | D:7      | Found an ancient bone altar of Kikubaaqudgha.
  5431 | D:6      | Found an opulent altar of Gozag.
  5527 | D:6      | Reached skill level 13 in Long Blades
  5766 | D:6      | Reached * piety under the Shining One
  5775 | D:6      | Found a shimmering altar of Xom.
  5866 | D:6      | Reached XP level 10. HP: 96/96 MP: 13/13
  5973 | D:6      | Found a radiant altar of Vehumet.
  6390 | D:5      | Entered Level 5 of the Dungeon
  6430 | D:5      | Reached ** piety under the Shining One
  6633 | D:5      | Noticed Blork the orc
  6639 | D:5      | Killed Blork the orc
  6832 | D:5      | Found Kekedghie's CLEARANCE SALE!.
  7675 | D:4      | Found an ornate altar of the Wu Jian Council.
  7752 | D:4      | Identified the +4 cloak of the Moon {rPois rF- Str-5 Int+3}
  7843 | D:4      | Found Osecs's Jewellery Emporium.
  8507 | D:8      | Reached skill level 1 in Evocations
  8624 | D:8      | Found a sacrificial altar of Ru.
  9113 | D:9      | Found a broken altar of Ashenzari.
  9454 | D:9      | Found a staircase to the Lair.
  9552 | D:9      | Noticed a cane toad
  9552 | D:9      | an unseen horror changed into a cane toad
  9559 | D:9      | a cane toad changed into a blink frog
  9714 | D:9      | Reached *** piety under the Shining One
 10000 | D:9      | Noticed a +0 short sword
 10000 | D:9      | Noticed a +0 falchion
 10000 | D:9      | Noticed a +0 dagger
 10000 | D:9      | Noticed a +0 falchion
 10000 | D:9      | Noticed a +0 spear
 10001 | D:9      | Noticed a +0 spear
 10001 | D:9      | Noticed a +0 dagger
 10002 | D:9      | Noticed a +0 short sword
 10003 | D:9      | Found a hide-covered altar of Uskayaw.
 10350 | Lair:1   | Entered Level 1 of the Lair of Beasts
 10412 | Lair:1   | Found a gate leading to a gauntlet.
 10425 | Gauntlet | Entered a Gauntlet
 10425 | Gauntlet | Found a transporter.
 10425 | Gauntlet | Found a transporter.
 10425 | Gauntlet | Found a transporter.
 10491 | Gauntlet | Found a transporter.
 10491 | Gauntlet | Found a transporter.
 10491 | Gauntlet | Found a transporter.
 10501 | Gauntlet | Found a transporter.
 10505 | Gauntlet | Found a transporter.
 10511 | Gauntlet | Noticed a purple ugly thing
 10512 | Gauntlet | Noticed a glowing orange brain
 10513 | Gauntlet | Reached **** piety under the Shining One
 10515 | Gauntlet | Found a transporter.
 10529 | Gauntlet | Noticed a glowing orange brain
 10621 | Gauntlet | Found a transporter.
 10621 | Gauntlet | Found a transporter.
 10631 | Gauntlet | Found a transporter.
 10704 | Gauntlet | Reached skill level 14 in Long Blades
 10707 | Gauntlet | Reached XP level 11. HP: 106/106 MP: 14/14
 10913 | Gauntlet | Got Itaoneja's Almanac of Twisted Transmutation
 10930 | Gauntlet | Killed a glowing orange brain
 10947 | Gauntlet | Identified the amulet "Billiapt" {rC+ Will+ Regen+ Slay+3}
 10976 | Gauntlet | Killed a purple ugly thing
 10985 | Gauntlet | Killed a glowing orange brain
 11018 | Gauntlet | Noticed a minotaur
 11035 | Gauntlet | Killed a minotaur
 11223 | Lair:1   | Reached skill level 5 in Evocations
 11244 | Lair:1   | Noticed Urug
 11255 | Lair:1   | Killed Urug
 11357 | Lair:1   | Noticed a wolf spider
 11364 | Lair:1   | Killed a wolf spider
 11477 | Lair:1   | Noticed a seven-headed hydra
 11481 | Lair:1   | Noticed a wolf spider
 11484 | Lair:1   | Killed a seven-headed hydra
 11489 | Lair:1   | Killed a wolf spider
 12080 | Lair:2   | Identified the ring of Sin {rF- rC+++ Will+ rCorr MP+9}
 12159 | Lair:2   | Noticed a boulder beetle
 12183 | Lair:2   | Killed a boulder beetle
 12184 | Lair:2   | Reached XP level 12. HP: 108/118 MP: 15/15
 12769 | Lair:3   | Reached skill level 15 in Long Blades
 12908 | Lair:3   | Reached skill level 15 in Fighting
 13095 | Lair:3   | Found a staircase to the Swamp.
 13144 | Lair:3   | Noticed a catoblepas
 13159 | Lair:3   | Killed a catoblepas
 13291 | Lair:3   | Reached skill level 15 in Armour
 13389 | Lair:3   | Found a hole to the Spider Nest.
 14078 | Lair:4   | Reached skill level 1 in Short Blades
 14639 | Lair:4   | Noticed a six-headed hydra
 14648 | Lair:4   | Killed a six-headed hydra
 14649 | Lair:4   | Reached XP level 13. HP: 49/128 MP: 17/17
 15511 | Lair:5   | Identified a scroll of acquirement
 15511 | Lair:5   | Acquired the +10 great sword of the Spheres {freeze,
                  | Fragile Will+ Dex+2}
 15567 | Lair:5   | Found a dark tunnel.
 15663 | Volcano  | Entered a volcano
 15908 | Lair:5   | Found a frozen archway.
 15924 | IceCv    | Entered an ice cave
 16050 | IceCv    | Reached ***** piety under the Shining One
 16365 | IceCv    | Reached ****** piety under the Shining One
 16544 | IceCv    | Reached skill level 5 in Dodging
 16697 | IceCv    | Got Sif Muna's Reference Book on Ice
 16698 | IceCv    | Identified the +7 scale mail of Tenacity {Stlth+}
 17320 | Lair:5   | Reached skill level 16 in Long Blades
 17586 | Lair:5   | Found a staircase to the Slime Pits.
 18210 | D:4      | Bought a +4 ring of slaying for 936 gold pieces
 18473 | Lair:6   | Entered Level 6 of the Lair of Beasts
 18844 | Lair:6   | Reached XP level 14. HP: 97/138 MP: 19/19
 18949 | Lair:6   | Identified the +2 long sword "Demon's Peril" {antimagic,
                  | rElec}
 19023 | Lair:6   | Reached skill level 17 in Long Blades
 19865 | D:10     | Entered Level 10 of the Dungeon
 19936 | D:10     | Noticed Maurice
 19939 | D:10     | Killed Maurice
 20167 | D:10     | Found a staircase to the Orcish Mines.
 21044 | D:12     | Found a transporter.
 21052 | D:12     | Noticed crazypyro's ghost (journeyman DsFi)
 21193 | D:12     | Found a transporter.
 21344 | D:12     | Found a hazy altar of Hepliaklqana.
 21497 | D:12     | Noticed Fannar
 21503 | D:12     | Killed Fannar
 21823 | Swamp:1  | Entered Level 1 of the Swamp
 21828 | Swamp:1  | Reached skill level 18 in Long Blades
 22007 | Swamp:1  | Reached XP level 15. HP: 131/147 MP: 21/21
 22050 | Swamp:1  | You are sucked into a shaft and drop 1 floor!
 22063 | Swamp:2  | Noticed a tentacled monstrosity
 22069 | Swamp:2  | Killed a tentacled monstrosity
 22324 | Swamp:1  | Reached skill level 10 in Invocations
 22488 | Swamp:1  | Noticed Aizul
 22499 | Swamp:1  | Killed Aizul
 23120 | Swamp:2  | Acquired a manual of Evocations
 23380 | Swamp:3  | Reached skill level 10 in Evocations
 23682 | Swamp:3  | Reached skill level 19 in Long Blades
 24085 | Swamp:4  | Entered Level 4 of the Swamp
 24668 | Swamp:4  | Reached XP level 16. HP: 147/157 MP: 21/23
 24759 | Swamp:4  | Noticed the 27-headed Lernaean hydra
 25524 | Swamp:4  | Killed the 26-headed Lernaean hydra
 25714 | Swamp:4  | Got a decaying rune of Zot
 25824 | Spider:1 | Entered Level 1 of the Spider Nest
 26136 | Spider:1 | Reached skill level 10 in Dodging
 27008 | Spider:2 | Reached skill level 20 in Long Blades
 27946 | Spider:3 | Noticed Arachne
 27991 | Spider:2 | Killed Arachne
 28326 | Spider:3 | Noticed Asterion
 28342 | Spider:2 | Killed Asterion
 28677 | Spider:4 | Entered Level 4 of the Spider Nest
 28736 | Spider:4 | Reached XP level 17. HP: 166/166 MP: 24/24
 29304 | Spider:4 | Noticed Donald
 29316 | Spider:4 | Killed Donald
 29835 | Spider:4 | Reached skill level 21 in Long Blades
 31114 | Spider:4 | Got a gossamer rune of Zot
 31432 | Orc:1    | Entered Level 1 of the Orcish Mines
 31686 | Orc:2    | Entered Level 2 of the Orcish Mines
 31864 | Orc:2    | Found a staircase to the Elven Halls.
 31985 | Orc:2    | Found Kewur's General Store.
 32056 | Orc:2    | Found a transporter.
 32059 | Orc:2    | Noticed Coomeot's ghost (journeyman MfIE)
 32069 | Orc:2    | Found a transporter.
 32146 | Orc:2    | Found Ceutzauq's Antique Armour Emporium.
 32186 | Orc:2    | Found Komuzew's Antique Weapon Shoppe.
 32416 | Orc:2    | Found Relaegh's Book Emporium.
 32433 | Orc:2    | Learned a level 1 spell: Apportation
 32457 | Orc:1    | Noticed Sonja
 32485 | Orc:1    | Killed Sonja
 32734 | Orc:2    | Killed Coomeot's ghost
 32967 | D:4      | Identified the +4 scale mail of the Cuttlefish {SInv}
 33165 | Elf:1    | Entered Level 1 of the Elven Halls
 33273 | Elf:1    | Found Koklie's Antique Weapon Emporium.
 33275 | Elf:1    | Found Zaogazim's Jewellery Shoppe.
 33277 | Elf:1    | Found Piraon's Weapon Emporium.
 33283 | Elf:1    | Paralysed by an air elemental for 1 turns
 33964 | Elf:1    | Got the Volume of Stolen Souls
 34166 | Elf:1    | Noticed Jorgrun
 34175 | Elf:1    | Killed Jorgrun
 34466 | Elf:2    | Reached XP level 18. HP: 95/176 MP: 26/26
 34826 | Elf:2    | Found Seewn's Distillery.
 34937 | Elf:2    | Found a runed translucent gate.
 34937 | Elf:2    | Found a runed translucent gate.
 34940 | Elf:2    | Found a runed translucent gate.
 35242 | Elf:2    | Bought a potion of haste for 170 gold pieces
 35242 | Elf:2    | Bought a potion of heal wounds for 85 gold pieces
 35242 | Elf:2    | Bought a potion of heal wounds for 85 gold pieces
 36422 | Elf:3    | Entered Level 3 of the Elven Halls
 36422 | Elf:3    | Found a runed translucent gate.
 36422 | Elf:3    | Found a runed translucent gate.
 36422 | Elf:3    | Found a runed translucent gate.
 36433 | Elf:3    | Found an ancient bone altar of Kikubaaqudgha.
 37361 | Elf:3    | Noticed pkoi's ghost (adept MiGl)
 37361 | Elf:3    | Noticed Cuucabuana's ghost (veteran MiGl)
 37499 | Elf:3    | Killed from afar by a deep elf sorcerer

Illustrated notes

Levels and vault maps discovered:
D:1:      sevenhm_arrival_forest_fort_small_3, layout_basic,
          shapermc_ecumenical_altar_mp_vishouse
D:2:      layout_basic
D:3:      layout_rooms
D:4:      layout_gridville, mainiacjoe_overflow_24_doors,
          nzn_wu_jian_contemplation, serial_shops, nicolae_shop_behind_doors,
          st_stairs_2, hangedman_decor_clover_reticule
D:5:      layout_layer_cave, nicolae_shop_clearance, uniq_blork_the_orc
D:6:      layout_cave_pools, grunt_gozag_breadcrumbs, vehumet_altar_wand_db,
          mainiacjoe_overflow_boulevard, serial_gnoll_camp, gnoll_camp_mini_hut,
          gnoll_camp_huts_basic, gnoll_camp_medium_01, gnoll_camp_mini_hut
D:7:      layout_basic, led_sif_pool, nicolae_kikubaaqudgha_miasma_corner,
          minmay_temple_entry_arrows, enter_bailey_2, kennysheep_small_spiral
D:8:      layout_loops_ring, kennysheep_mini, kennysheep_generic_room_4
D:9:      layout_basic, nicolae_uskayaw_en_pointe, cheibrodos_ashenzari_chains,
          lair_entry_dummy, serial_aquarium, aquarium_bridge_island_small
          [aquarium_subvault_small_water, aquarium_subvault_bridge,
          aquarium_subvault_wall, aquarium_subvault_wall,
          aquarium_subvault_bridge], aquarium_window_fake, aquarium_window_1,
          aquarium_window_3, aquarium_view_2b, aquarium_view_2d
D:10:     layout_roguey, minmay_orc_entry_temple_small, uniq_maurice
D:11:     layout_rooms, minmay_librarian
D:12:     layout_long_grid, gammafunk_ghost_stat_death,
          nicolae_hepliaklqana_hazy_memory, uniq_fannar
Temple:   chequers_temple_sunken
Lair:1:   minmay_lair_venomous_thicket, layout_small_grid,
          gauntlet_entry_generic, lemuel_fruit_tree, infiniplex_staircase_pool,
          uniq_urug
Lair:2:   layout_chaotic_city, serial_bayou_pond_e
Lair:3:   cheibrodos_magma_flow, layout_chaotic_city, minmay_swamp_entry_eels,
          spider_nest_entry_funnel_web, nicolae_quartered_pool_impasse,
          roderic_batcave
Lair:4:   layout_regular_city, grunt_megastairs_4, serial_bayou_shore_a
Lair:5:   layout_concentric_octagons, minmay_slime_entry_oklob_open,
          portal_ice_cave_demonic_guard, enter_volcano_1, serial_bayou_shore_b,
          serial_bayou_shore_b, grunt_megastairs_3, infiniplex_staircase_pool_2,
          lemuel_fruit_fields, lemuel_fruit_fields
Lair:6:   minmay_lair_end_frog_pond, layout_layer_cave,
          chequers_serial_rivers_micro_e
Swamp:1:  layout_falls_marsh, evilmike_swamp_ruin_house_2,
          hangedman_swamp_phenomena, uniq_aizul
Swamp:2:  layout_falls_marsh, evilmike_swamp_ruin_house_1
Swamp:3:  layout_basic_swamp, evilmike_swamp_ruin_house_3, swamp_pool2,
          roderic_carrion_pond
Swamp:4:  grunt_swamp_rune_castle, layout_basic_swamp
Spider:1: layout_spider_delve
Spider:2: layout_cave_pods
Spider:3: layout_spider_delve, uniq_arachne, uniq_asterion
Spider:4: johnstein_spider_rune_arachne_lair, uniq_donald
Orc:1:    layout_caves, uniq_sonja
Orc:2:    grunt_orc_community_town_hall, layout_diamond_mine,
          grunt_orc_community_big_house_2, grunt_orc_community_big_house_1,
          grunt_orc_community_house_2, grunt_orc_community_house_1,
          grunt_orc_community_house_1, grunt_orc_community_house_3,
          gammafunk_ghost_smash
Elf:1:    eino_elf_arrival_customs, layout_gridlike, minmay_elf_necromancy,
          minivault_11, dk_noncrumbling_3, minmay_shop_star, uniq_jorgrun
Elf:2:    nicolae_elf_blades_splatter_lattice [nicolae_blade_little_rooms],
          layout_onion_city, serial_shops, nicolae_shop_window_shopping,
          minivault_16
Elf:3:    grunt_elf_hall_branching, layout_geoelf_octagon, basic_altar,
          gammafunk_ghost_cemetery, minmay_strange_pillars, drop_trap,
          amcnicky_mini_pool_small, feat_on_display

Skill      XL: |  1  2  3  4  5  6  7  8  9 10 11 12 13 14 15 16 17 18 |
---------------+-------------------------------------------------------+-----
Long Blades    | 4 5 6 7 8 12 13 14 15 16 18 19 20 21 | 21.9
Armour         | 1 2 3 4 5 10 11 12 14 15 16 17 18 19 | 19.9
Fighting       | 3 4 5 10 11 12 14 16 17 18 19 | 19.8
Invocations    | 1 6 7 8 9 10 11 12 13 | 13.0
Evocations     | 3 6 7 8 9 10 12 13 14 | 14.3
Short Blades   | 2 |  2.4
Dodging        | 4 6 8 9 10 11 12 | 12.5
Throwing       | |  2.0

Action                   |  1- 3 |  4- 6 |  7- 9 | 10-12 | 13-15 | 16-18 || total
-------------------------+-------+-------+-------+-------+-------+-------++-------
Melee: Long sword        |    78 |    13 |       |       |       |       ||    91
       Headbutt          |    10 |     9 |    35 |   172 |   162 |   197 ||   585
       Dagger            |       |    47 |   146 |   579 |    20 |       ||   792
       Punch             |       |     1 |       |    11 |       |       ||    12
       Great sword       |       |       |       |       |   645 |   827 ||  1472
Throw: Throwing net      |       |       |       |     1 |       |       ||     1
Invok: Divine Shield     |       |       |       |     2 |       |     2 ||     4
       Summon Divine War |       |       |       |       |       |     3 ||     3
Evoke: Wand              |       |       |       |     2 |     8 |    22 ||    32
       Phial of floods   |       |       |       |       |       |     1 ||     1
  Use: Scroll            |     3 |     3 |     1 |    11 |    10 |     2 ||    30
       Potion            |       |     3 |     4 |     1 |       |       ||     8
 Stab: Distracted        |       |       |     1 |       |       |       ||     1
Armor: Leather armour    |    20 |       |       |       |       |       ||    20
       Plate armour      |     2 |    49 |    82 |   207 |    43 |       ||   383
       Crystal plate arm |       |       |       |       |   430 |   675 ||  1105
       Chain mail        |       |       |       |       |       |    83 ||    83
Dodge: Dodged            |    47 |    16 |    42 |   125 |   258 |   463 ||   951
Block: Other             |       |       |       |     6 |       |    10 ||    16
